 Dungeon Crawl Stone Soup version 0.21.1-68-g103a7af (webtiles) character file.

11 meralisa the Ruffian (level 2, -1/25 HPs)
             Began as a Naga Transmuter on Aug 2, 2018.
             Slain by an orc wizard
             ... wielding a +0 dagger
              (2 damage)
             ... on level 2 of the Dungeon.
             The game lasted 00:03:15 (743 turns).

meralisa the Ruffian (Naga Transmuter)               Turns: 743, Time: 00:03:16

Health: -1/25      AC:  1    Str: 12    XL:     2   Next: 29%
Magic:  3/5        EV: 10    Int: 13    God:
Gold:   70         SH:  0    Dex: 11    Spells: 2/5 levels left

rFire    . . .     SeeInvis +     - Unarmed
rCold    . . .     Gourm    .   (no shield)
rNeg     . . .     Faith    .   b - +0 robe
rPois    +         Spirit   .   (no helmet)
rElec    .         Reflect  .   (no cloak)
rCorr    .         Harm     .   (no gloves)
MR       .....                  (no barding)
Stlth    +.........             (no amulet)
HPRegen  0.08/turn              (no ring)
MPRegen  0.09/turn              (no ring)

@: short of breath, appendage, very slow
A: large, horns 2, see invisible, deformed body, poison resistance, slowness 2,
slow metabolism 1, spit poison 1, AC +0
a: Spit Poison, End Transformation


You were on level 2 of the Dungeon.
You were not hungry.
You had grown temporary horns.
You visited 1 branch of the dungeon, and saw 2 of its levels.

You collected 70 gold pieces.

Inventory:

Missiles
 a - 11 arrows
 e - 58 bolts
 g - 22 poisoned needles
Armour
 b - a +0 robe (worn)
Scrolls
 j - a scroll of teleportation {unknown}
 k - a scroll of identify {unknown}
Potions
 f - a potion of curing {unknown}
 i - a potion of flight {unknown}
 l - a potion of heal wounds {unknown}
Books
 c - a book of Changes

   Spells                             Type                      Level
   a - Beastly Appendage              Transmutation                1
   b - Sticks to Snakes               Transmutation                2
   c - Spider Form                    Transmutation/Poison         3
   d - Ice Form                       Ice/Transmutation            4
   e - Blade Hands                    Transmutation                5
Comestibles
 d - 2 rations


   Skills:
 * Level 1.2 Fighting
 + Level 1.6 Dodging
 * Level 0.8 Stealth
 + Level 3.3 Unarmed Combat
 - Level 2.0 Spellcasting
 * Level 2.1 Transmutations


You had 2 spell levels left.
You knew the following spells:

 Your Spells              Type           Power        Failure   Level  Hunger
a - Beastly Appendage     Tmut           #.....       11%         1    ##.....
b - Sticks to Snakes      Tmut           #.......     16%         2    ###....


Dungeon Overview and Level Annotations

Branches:
Dungeon (2/15)

Altars:


Innate Abilities, Weirdness & Mutations

You cannot wear boots.
Your serpentine skin is tough. (AC +0)
You have supernaturally acute eyesight. (SInv)
Armour fits poorly on your strangely shaped body.
Your system is resistant to poisons. (rPois)
You cover ground very slowly.
You have a slow metabolism.
You can spit poison.
You have a pair of horns on your head.


Message History

The orc wizard blinks!
You have got your breath back.
Okay, then.
Press: ? - help, Shift-Dir - straight line, f/p - orc wizard
Aim: an orc wizard, wielding a dagger and wearing a robe The splash of poison hits the orc wizard.
The orc wizard is poisoned.
The orc wizard is lightly wounded.
You feel slightly more hungry.
Casting: Sticks to Snakes
Confirm with . or Enter, or press ? or * to list all spells.
You grow a pair of large bovine horns.
The orc wizard closely misses you.
You barely miss the orc wizard.
The orc wizard is lightly wounded.
The orc wizard hits you with a dagger.
* * * LOW HITPOINT WARNING * * *
You barely miss the orc wizard.
The orc wizard is moderately wounded.
The orc wizard hits you with a dagger.
You die...

###.##......# ..
#.........###### .#
####......##...# .#
#......##.#.# .#
###.#####.#.#
######.# ######.#
#.#.# #......#
#......# #.#.#
#.######
#.##########.#.###.#
#.# #.......#@#.o.#
#.# #.#######o#)###
#.####.# #o#ยง#
#......# #...#
######## #####


You could see an orc wizard and an orc.

Vanquished Creatures
  A leopard gecko (D:1)
  An orc (D:2)
  A goblin (D:1)
  A hobgoblin (D:1)
  A ball python (D:1)
  2 bats (D:1)
  2 frilled lizards (D:1)
  2 rats (D:1)
11 creatures vanquished.

Notes
Turn   | Place    | Note
-------+----------+-------------------------------------------
     0 | D:1      | meralisa the Naga Transmuter began the quest for the Orb.
     0 | D:1      | Reached XP level 1. HP: 18/18 MP: 3/3
   290 | D:1      | Reached XP level 2. HP: 20/25 MP: 3/5
   301 | D:1      | Learned a level 2 spell: Sticks to Snakes
   742 | D:2      | HP: 1/25 [orc wizard/dagger (5)]
   743 | D:2      | Slain by an orc wizard

Action                   || total
-------------------------++-------
Melee: Unarmed           ||    13
       Headbutt          ||     1
       Punch             ||     1
 Cast: Beastly Appendage ||     4
       Sticks to Snakes  ||     1
 Abil: Spit Poison       ||    13
Armor: Robe              ||     1
Dodge: Dodged            ||    11
